 Dungeon Crawl Stone Soup version 0.28-a0-643-g84cb2ea78e (webtiles) character file.

Game seed: 16413741596606208319

35 timneilson the Skirmisher (level 3, 0/29 HPs)
             Began as a Demonspawn Fighter on Oct 11, 2021.
             Slain by Sigmund (4 damage)
             ... on level 2 of the Dungeon.
             The game lasted 00:01:39 (1385 turns).

timneilson the Skirmisher (Demonspawn Fighter)      Turns: 1385, Time: 00:01:40

Health: 0/29       AC:  6    Str: 17    XL:     3   Next: 16%
Magic:  3/3        EV:  9    Int:  9    God:
Gold:   67         SH:  4    Dex: 12    Spells: 2/2 levels left

rFire   . . .      SeeInvis .   a - +0 long sword
rCold   . . .      Faith    .   c - +0 buckler
rNeg    . . .      Spirit   .   b - +0 scale mail
rPois   .          Reflect  .   (no helmet)
rElec   .          Harm     .   (no cloak)
rCorr   .          Rampage  .   (no gloves)
Will    .....                   (no boots)
Stlth   ..........              (no amulet)
HPRegen 0.09/turn               (no ring)
MPRegen 0.08/turn               (no ring)

@: mighty
A: foul stench 1
a: no special abilities


You were on level 2 of the Dungeon.
You visited 1 branch of the dungeon, and saw 2 of its levels.

You collected 67 gold pieces.

Inventory:

Hand Weapons
 a - a +0 long sword (weapon)
Armour
 b - a +0 scale mail (worn)
 c - a +0 buckler (worn)
 h - a +0 chain mail
Wands
 j - a wand of flame (13)
Scrolls
 i - 3 scrolls of magic mapping {unknown}
Potions
 e - 2 potions of flight {unknown}
 f - a potion of magic {unknown}
 g - a potion of attraction {unknown}


   Skills:
 + Level 3.1 Fighting
 * Level 2.3 Long Blades
 * Level 3.0 Armour
 + Level 0.5 Dodging
 * Level 3.0 Shields


You had 2 spell levels left.
You didn't know any spells.
Your spell library contained the following spells:

 Spells                   Type           Power      Damage    Failure   Level
 Ozocubu's Armour         Ice            0%         N/A       99%         3
 Ozocubu's Refrigeration  Ice            0%         4d5       100%        7


Dungeon Overview and Level Annotations

Branches:
Dungeon (2/15)

Altars:
Trog

Annotations:
D:2 Sigmund


Innate Abilities, Weirdness & Mutations

You may rarely emit foul miasma when damaged in melee.


Message History

You hit the kobold.
You kill the kobold!
Things that are here:
a +0 dagger; 5 stones
Things that are here:
a +0 short sword; 4 stones
Things that are here:
a +0 dagger; 5 stones You now have 67 gold pieces (gained 8).
Found 5 large rocks.
j - a wand of flame (13)
Things that are here:
a +0 dagger; 5 stones
Things that are here:
a +0 short sword; 4 stones Sigmund the Dreaded comes into view.
He is wielding a +0 scythe.
Sigmund shouts!
Sigmund gestures at you while chanting. The magic dart hits you.
You feel very mighty all of a sudden.
Sigmund hits you from afar with a +0 scythe.
Sigmund casts a spell.
Sigmund flickers and vanishes!
Deactivating autopickup; reactivate with Ctrl-A.
You slash something!
You hear some strange, mumbled words.
A magic dart appears from out of thin air!
The magic dart hits you.
You barely miss something. Something hits you!
You barely miss something.
You hear some strange, mumbled words.
A puff of flame appears from out of thin air!
The puff of flame hits you.
You completely miss something.
You hear some strange, mumbled words.
Something tries to affect you, but you resist.
You barely miss something. Something hits you!
* * * LOW HITPOINT WARNING * * *
You slash something! Something hits you.
You die...

##..#...#.#.#......####
#.#.###..
........#.#.#...#.##
#.#.....#
##...##.#.#)#...#.#
#.####### #...
..#.#.#...#.# #.# ##..
....#.#...#.# #.# ### #
##.######.......# #.#
#.. . ######.####
#.#####.# ..........#
#.....#.# ........#@#
#####.#.#
#.........{...... #....
..#..####.######. ###.#
..... #.# #.. ###. ..#
### ## ###


There were no monsters in sight!

Vanquished Creatures
  A dart slug (D:1)
  A bat (D:1)
  An endoplasm (D:1)
  A giant cockroach (D:1)
  5 goblins (D:1)
  A hobgoblin (D:2)
  4 jackals (D:2)
  4 ball pythons
  3 frilled lizards (D:1)
  4 kobolds (D:2)
  7 rats
32 creatures vanquished.

Notes
Turn   | Place    | Note
-------+----------+-------------------------------------------
     0 | D:1      | timneilson the Demonspawn Fighter began the quest for the
                  | Orb.
     0 | D:1      | Reached XP level 1. HP: 18/18 MP: 1/1
   266 | D:1      | Gained mutation: You may rarely emit foul miasma when
                  | damaged in melee. [demonic ancestry]
   266 | D:1      | Reached XP level 2. HP: 24/24 MP: 2/2
   723 | D:1      | Found a faded altar of an unknown god.
  1026 | D:2      | Found a bloodstained altar of Trog.
  1068 | D:2      | Reached XP level 3. HP: 25/29 MP: 3/3
  1376 | D:2      | Noticed Sigmund
  1385 | D:2      | Slain by Sigmund

Illustrated notes

Levels and vault maps discovered:
D:1:      dpeg_arrival_snail, layout_loops_ring,
          dreamdust_ecumenical_altar_statues, kennysheep_crisscross,
          minmay_pentomino_t4
D:2:      layout_loops_cross, basic_altar, uniq_sigmund

Skill      XL: |  1  2 |
---------------+-------+-----
Long Blades    | 2 |  2.3
Armour         | 3 |  3.0
Shields        | 3 |  3.0
Fighting       | |  3.1
Dodging        | |  0.5

Action                   || total
-------------------------++-------
Melee: Long sword        ||    88
  Use: Potion            ||     1
Armor: Scale mail        ||    42
Dodge: Dodged            ||    34
Block: Buckler           ||    16

Table legend: (Time is in decaauts)
 A = Elapsed time spent in this place.
 B = Non-inter-level travel time spent in this place.
 C = Inter-level travel time spent in this place.
 D = Time resting spent in this place.
 E = Time spent auto-exploring this place.
 F = Levels seen in this place.
 G = Mean time per level.
                   A        B        C        D        E       F      G
               +--------+--------+--------+--------+--------+-----+--------+
         Total |   1412 |   1358 |     54 |      0 |   1119 |   2 |  706.0 |
       Dungeon |   1412 |   1358 |     54 |      0 |   1119 |   2 |  706.0 |
               +--------+--------+--------+--------+--------+-----+--------+

Top non-repeatable levels by time:
     D:1: 880 daAuts
     D:2: 532 daAuts
